AoeStats
← rattan archer

Arabia

509269015Analyzed
3v3 RM · 6d ago on Sep 26, 2026· 19m 49s· 6 players
Game mode
Random Map
Map size
Normal (6 player)
Population
200
Speed
Normal
Resources
Standard
Victory
Conquest
Starting age
Dark Age
Ending age
Imperial Age
RankedLock teamsTeams togetherTeam positionsShared explorationLock speedFull tech treeHidden civsTurbo modeCheats
Victory
Defeat
🇨🇱 Britons · Chile
1928
+2
🇨🇱 Persians · Chile
1859
+2
🇵🇪 Maya · Peru
1802
+4
🇨🇴 Tatars · Colombia
1671
-6
🇹🇼 Magyars · Taiwan
1366
-1
🇻🇳 Maya · Vietnam
1246
-1
[CL] castiii
5:15 Loom
5:25 Loom
8:59 Feudal Age
9:44 Double-Bit Axe
10:18 Horse Collar
16:10 Scale Barding Armor
19:54 Castle Age
17:58 Gold Mining
19:07 Scale Barding Armor
19:13 Bloodlines
CL_lorecs
0:25 Loom
9:05 Feudal Age
12:51 Fletching
[CL] Pain
5:54 Loom
8:22 Feudal Age
13:15 Fletching
16:23 Double-Bit Axe
elephant
6:13 Loom
10:58 Feudal Age
17:13 Horse Collar
20:45 Wheelbarrow
rattan archer
0:25 Loom
9:18 Feudal Age
9:46 Double-Bit Axe
10:01 Gold Mining
17:02 Town Watch
18:45 Wheelbarrow
NuMa | OliverAtom
7:08 Loom
9:39 Feudal Age
10:38 Double-Bit Axe
12:40 Fletching
13:38 Town Watch
14:16 Padded Archer Armor
Connection lost

Rejoining the realm…

Still unreachable

The connection could not be restored.

Session expired

The server has moved on; the page needs a fresh start.